 Dungeon Crawl Stone Soup version 0.31.0-9-g3a7656b989 (webtiles) character file.

Game seed: 14237973595687827001

93 qw the Shooter (level 4, -2/22 HPs)
             Began as a Spriggan Hunter on Feb 2, 2024.
             Killed by divine providence
             ... invoked by an orc priest
              (10 damage)
             ... on level 3 of the Dungeon.
             The game lasted 00:00:08 (1688 turns).

qw the Shooter (Spriggan Hunter)                    Turns: 1688, Time: 00:00:08

Health: -2/22      AC:  2    Str:  7    XL:     4   Next: 37%
Magic:  5/5        EV: 20    Int: 10    God:
Gold:   126        SH:  0    Dex: 20    Spells: 3/3 levels left

rFire   . . .        a - +1 shortbow
rCold   . . .        (shield currently unavailable)
rNeg    . . .        c - +0 robe
rPois   .            (helmet restricted)
rElec   .            (no cloak)
rCorr   .            (gloves unavailable)
SInv    +            (boots unavailable)
Will    .....        (no amulet)
Stlth   ++           (no ring)
HPRegen 0.23/turn    (no ring)
MPRegen 0.09/turn

%: no passive effects
@: about to teleport, very quick
A: very small, no large weapons, unfitting armour, see invisible, speed 3
a: no special abilities


You were on level 3 of the Dungeon.
You visited 1 branch of the dungeon, and saw 3 of its levels.

You collected 126 gold pieces.


Innate Abilities, Weirdness & Mutations

You are very small and have problems with some larger weapons.
You are too small for most types of armour.
You have supernaturally acute eyesight. (SInv)
You cover ground extremely quickly. (Speed+++)


   Skills:
 - Level 1.5 Fighting
 - Level 5.0 Ranged Weapons
 + Level 4.8 Dodging
 - Level 1.5 Stealth


You had 3 spell levels left.
You didn't know any spells.
Your spell library was empty.

Inventory:

Hand Weapons
 a - a +1 shortbow (weapon)
Armour
 c - a +0 robe (worn)
Scrolls
 k - a scroll of teleportation
Potions
 e - a potion of lignification {unknown}
 f - a potion of ambrosia {unknown}
 g - a potion of attraction {unknown}
 h - a potion of brilliance {unknown}
 l - a potion of invisibility {unknown}

Dungeon Overview and Level Annotations

Branches:
Dungeon (3/15)

Altars:
Yredelemnul


Message History

You shoot an arrow. The arrow hits the orc.
You kill the orc!
There is a stone staircase leading up here.
Things that are here:
a +0 trident; a boomerang; a +0 ring mail
Found a whip.
An orc and an orc wizard come into view.
The orc shouts!
The orc wizard shouts!
You shoot an arrow.
The arrow closely misses the orc wizard.
The orc wizard gestures at you while chanting.
The magic dart hits you!
An orc comes into view. It is wielding a +0 club.
You shoot an arrow. The orc shouts!
The arrow hits the orc wizard.
The orc wizard is moderately wounded.
The orc wizard points at you and mumbles some strange words.
The magic dart hits you.
You shoot an arrow. The arrow barely misses the orc wizard.
You shoot an arrow. The arrow hits the orc wizard!
The orc wizard is almost dead.
The orc wizard casts a spell at you. The magic dart hits you.
An orc priest comes into view. It is wielding a +0 short sword.
1686 ||| READING 2 scrolls of teleportation.
As you read the scroll of teleportation, it crumbles to dust.
You feel strangely unstable.
The orc wizard casts a spell.
The orc wizard flickers and vanishes for a moment.
The orc priest shouts!
1687 ||| DRINKING potion of heal wounds.
You feel much better.
The orc priest calls down the wrath of Beogh upon you.
Beogh smites you!
Ouch! That really hurt!
You shoot an arrow. The arrow closely misses the orc.
The orc priest calls down the wrath of Beogh upon you.
Beogh smites you!
You die...

#######
#.....########
#.#.).oo.o.o..
#.....@#####
#..........#
#......###.#
#.#...##
##.##.##
#.....#
##.#..#
###..###
#....#


You could see an orc priest, an orc wizard (invisible) and 2 orcs.

Vanquished Creatures
  An orc wizard (D:2)
  A dart slug (D:1)
  5 orcs
  4 ball pythons (D:1)
  3 bats
  7 endoplasms
  A giant cockroach (D:1)
  A goblin (D:1)
  7 hobgoblins
  6 jackals (D:2)
  4 quokkas
  3 frilled lizards (D:2)
  4 kobolds
  4 rats
51 creatures vanquished.

Notes
Turn   | Place    | Note
-------+----------+-------------------------------------------
     0 | D:1      | qw the Spriggan Hunter began the quest for the Orb.
     0 | D:1      | Reached XP level 1. HP: 10/10 MP: 2/2
     0 | D:1      | 0 ||| qw: Version: 0.3-a-155-g5e7d8dd
     0 | D:1      | 0 ||| qw: Game counter: 2116
     0 | D:1      | 0 ||| qw: Melee chars always use a shield: true
     0 | D:1      | 0 ||| qw: God list: Okawaru
     0 | D:1      | 0 ||| qw: Allow faded altars: false
     0 | D:1      | 0 ||| qw: Do Orc after clearing Dungeon:15 true
     0 | D:1      | 0 ||| qw: Do second Lair branch before Depths: true
     0 | D:1      | 0 ||| qw: Lair rune preference: random
     0 | D:1      | 0 ||| qw: Goals: Normal
     0 | D:1      | 0 ||| PLANNING D:1-11
    35 | D:1      | Reached skill level 3 in Dodging
    70 | D:1      | Reached XP level 2. HP: 14/14 MP: 3/3
   173 | D:1      | You fall into a shaft and drop 1 floor!
   181 | D:2      | 181 ||| RETREEEEATING.
   183 | D:2      | 183 ||| RETREEEEATING.
   184 | D:2      | 184 ||| RETREEEEATING.
   185 | D:2      | 185 ||| RETREEEEATING.
   186 | D:2      | 186 ||| RETREEEEATING.
   204 | D:2      | Reached XP level 3. HP: 17/18 MP: 4/4
   230 | D:2      | 230 ||| READING scroll labelled HISIPH MIXYO.
   231 | D:2      | 231 ||| DROPPING scroll of butterflies.
   587 | D:1      | 587 ||| READING scroll labelled FYNAKO BAPPUW.
  1036 | D:2      | Found a basalt altar of Yredelemnul.
  1379 | D:2      | Reached skill level 5 in Ranged Weapons
  1379 | D:2      | 1379 ||| READING scroll labelled CEPUTHR PAOHI.
  1480 | D:2      | 1480 ||| READING scroll labelled XIWKUFYA VECVY.
  1480 | D:2      | 1480 ||| IDENTIFYING orange potion
  1481 | D:2      | 1481 ||| READING scroll labelled ORIRIMMIURE.
  1481 | D:2      | 1481 ||| ENCHANTING +0 shortbow.
  1482 | D:2      | 1482 ||| READING 3 scrolls labelled GIKIKO JUISAUC.
  1486 | D:2      | 1486 ||| READING scroll labelled LEBEONL FUIW.
  1518 | D:3      | 1518 ||| STAIRDANCE
  1523 | D:3      | 1523 ||| STAIRDANCE
  1530 | D:2      | Reached XP level 4. HP: 10/22 MP: 5/5
  1581 | D:3      | 1581 ||| STAIRDANCE
  1618 | D:3      | 1618 ||| STAIRDANCE
  1685 | D:3      | HP: 4/22 [orc wizard/magic dart (5)]
  1686 | D:3      | 1686 ||| READING 2 scrolls of teleportation.
  1687 | D:3      | 1687 ||| DRINKING potion of heal wounds.
  1688 | D:3      | Killed from afar by an orc priest

Levels and vault maps discovered:
D:1:      elethiomel_arrival_fortress_basement, layout_basic, minmay_ruptured
D:2:      layout_basic, basic_altar, st_stairs_4
D:3:      layout_loops_ring, grunt_qazlal_sundering,
          nicolae_overflow_hidden_temple

Skill      XL: |  1  2  3 |
---------------+----------+-----
Dodging        | 3 4 |  4.8
Ranged Weapons | 5 |  5.0
Fighting       | |  1.5
Stealth        | |  1.5

Action                     |  1- 3 |  4- 6 || total
---------------------------+-------+-------++-------
   Fire: Shortbow          |   137 |    24 ||   161
    Use: Scroll            |     7 |     1 ||     8
         Potion            |       |     1 ||     1
 Armour: Robe              |    16 |     9 ||    25
  Dodge: Dodged            |    70 |    28 ||    98

Table legend:
 A = Non-vault XP
 B = Vault XP
 C = Vault XP percentage of total XP
 D = Non-vault monster count
 E = Vault monster count
 F = Vault count percentage of total count
                 A         B        C        D         E       F
            +---------+---------+-------+---------+---------+-------
      Total |     125 |       9 |   6.7 |      45 |       6 |  11.8
            +---------+---------+-------+---------+---------+-------
        D:1 |      45 |       6 |  11.8 |      23 |       4 |  14.8
        D:2 |      77 |       3 |   3.8 |      21 |       2 |   8.7
        D:3 |       3 |       0 |   0.0 |       1 |       0 |   0.0
            +---------+---------+-------+---------+---------+-------
